 Dungeon Crawl Stone Soup version 0.25.0-26-g0c896c7088 (webtiles) character file.

Game seed: 13344563133992860536

3042 MisterFreud the Grappler (level 9, -3/82 HPs)
             Began as a Ghoul Earth Elementalist on July 2, 2020.
             Was a Believer of Makhleb.
             Slain by a two-headed ogre
             ... wielding a +0 giant spiked club
              (13 damage)
             ... on level 9 of the Dungeon.
             The game lasted 00:12:36 (7966 turns).

MisterFreud the Grappler (Ghoul Earth Elementalist) Turns: 7966, Time: 00:12:36

Health: -3/82      AC: 13    Str: 18      XL:     9   Next: 86%
Magic:  9/10       EV:  7    Int: 13      God:    Makhleb [**....]
Gold:   143        SH:  0    Dex: 15 (16) Spells: 10/11 levels left

rFire    . . .     SeeInvis .     - Unarmed
rCold    + . .     Gourm    .   (no shield)
rNeg     + + +     Faith    .   G - +1 chain mail "Sefid" {*Corrode rElec Dex+7} (curse)
rPois    ∞         Spirit   .   f - +0 helmet
rElec    +         Reflect  .   m - +1 cloak
rCorr    .         Harm     .   H - +0 pair of gloves of Xasio {rElec} (curse)
MR       .....                  (no boots)
Stlth    ..........             D - amulet of the acrobat
HPRegen  0.00/turn              h - +6 ring of strength
MPRegen  0.12/turn              u - ring of stealth

@: very slightly contaminated, rotting
A: rotting body, claws 1, carnivore, cold resistance 1, negative energy
resistance 3, inhibited regeneration, torment resistance, unbreathing
a: Minor Destruction, Renounce Religion


You were on level 9 of the Dungeon.
You worshipped Makhleb.
Makhleb was pleased with you.
You were not hungry.

You visited 2 branches of the dungeon, and saw 10 of its levels.

You collected 291 gold pieces.
You spent 148 gold pieces at shops.

Inventory:

Missiles
 b - 231 stones (quivered)
 y - 52 poisoned darts
 C - 3 throwing nets
 E - 8 curare-tipped darts
Armour
 c - a +0 robe
 e - a +0 ring mail
 f - a +0 helmet (worn)
 m - a +1 cloak (worn)
 p - a +2 scale mail of poison resistance
 G - the cursed +1 chain mail "Sefid" (worn) {*Corrode rElec Dex+7}
   (You found it on level 8 of the Dungeon)

   It affects your dexterity (+7).
   It insulates you from electricity.
   It may corrode you when you take damage.
   It has a curse placed upon it.
 H - the cursed +0 pair of gloves of Xasio (worn) {rElec}
   (You found it on level 8 of the Dungeon)

   It insulates you from electricity.
   It has a curse placed upon it.
Jewellery
 h - a +6 ring of strength (left hand)
 u - a ring of stealth (right hand)
 D - an amulet of the acrobat (around neck)
Scrolls
 g - 2 scrolls of fog {unknown}
 i - 7 scrolls of teleportation
 k - a scroll of magic mapping {unknown}
 l - 2 scrolls of enchant armour
 q - 2 scrolls of enchant weapon {unknown}
 r - 2 scrolls of amnesia {unknown}
 v - 3 scrolls of immolation {unknown}
 z - a scroll of fear {unknown}
Potions
 a - 2 potions of stabbing
 j - 4 potions of curing
 n - a potion of haste {unknown}
 o - 2 potions of degeneration
 s - a potion of brilliance {unknown}
 t - a potion of heal wounds {unknown}
 w - 2 potions of lignification
 A - a potion of might {unknown}
 B - 3 potions of mutation {unknown}
 F - a potion of invisibility {unknown}
 I - a potion of magic {unknown}
Comestibles
 d - 12 rations


   Skills:
 + Level 8.6 Fighting
 - Level 1.7 Dodging
 - Level 2.1 Stealth
 + Level 11.5 Unarmed Combat
 - Level 1.7 Spellcasting
   Level 0.8 Transmutations
 - Level 3.2 Earth Magic


You had 10 spell levels left.
You knew the following spells:

 Your Spells              Type           Power        Failure   Level  Hunger
a - Sandblast             Erth           #.....       73%         1    ##.....

Your spell library contained the following spells:

 Spells                   Type           Power        Failure   Level  Hunger
 Passwall                 Tmut/Erth      #.......     95%         2    ###....
 Animate Skeleton         Necr           N/A          99%         1    ##.....
 Apportation              Tloc           #.....       99%         1    ##.....
 Corona                   Hex            #......      99%         1    ##.....
 Summon Small Mammal      Summ           #...         99%         1    ##.....
 Sticks to Snakes         Tmut           #.......     99%         2    ###....
 Stone Arrow              Conj/Erth      #.....       99%         3    ####...
 Confusing Touch          Hex            #.......     100%        3    ####...
 Gell's Gravitas          Tloc           #.........   100%        3    ####...
 Petrify                  Tmut/Erth      #.......     100%        4    #####..
 Lee's Rapid Deconstruct  Erth           #.........   100%        5    ######.
 Metabolic Englaciation   Hex/Ice        #.........   100%        5    ######.
 Yara's Violent Unravell  Hex/Tmut       #.........   100%        5    ######.
 Beastly Appendage        Tmut           Unusable     N/A         1    N/A
 Spider Form              Tmut/Pois      Unusable     N/A         3    N/A
 Ice Form                 Ice/Tmut       Unusable     N/A         4    N/A
 Blade Hands              Tmut           Unusable     N/A         5    N/A

Dungeon Overview and Level Annotations

Branches:
Dungeon (9/15)             Temple (1/1) D:4
   Lair: D:8-11         Orc: D:9-12

Altars:
Ashenzari
Fedhas
Hepliaklqana
Makhleb
Xom
Yredelemnul
The Shining One

Shops:
D:5 ?


Innate Abilities, Weirdness & Mutations

Your body is rotting away.
You thrive on raw meat.
You are immune to poison.
You have sharp fingernails.
You are carnivorous and can eat meat at any time.
Your flesh is cold resistant. (rC+)
You are immune to negative energy. (rN+++)
You do not regenerate when monsters are visible.
You are immune to unholy pain and torment.
You can survive without breathing.


Message History

The two-headed ogre hits you with a +0 giant spiked club!!
* * * LOW HITPOINT WARNING * * *
The two-headed ogre hits you with a +0 giant club!
* * * LOW HITPOINT WARNING * * *
You hit the two-headed ogre.
The two-headed ogre is heavily wounded.
Casting: Sandblast (safe; 73% risk of failure)
Confirm with . or Enter, or press ? or * to list all spells.
Aiming: Sandblast (safe; 73% risk of failure)
Press: ? - help, Shift-Dir - straight line, f - two-headed ogre
Aim: a two-headed ogre, wielding a +0 giant spiked club and a +0 giant club (heavily wounded)
You miscast Sandblast.
You are very lightly contaminated with residual magic.
Nothing appears to happen.
The two-headed ogre closely misses you.
The two-headed ogre hits you with a +0 giant club!
* * * LOW HITPOINT WARNING * * *
Unknown command.
You feel better.
The two-headed ogre hits you with a +0 giant spiked club!
You die...

#################
#...............#
#.#############.#
#.# #.# #@# #.#
#O# ### #.#
#5###.##### #.##
#.#≈≈≈≈≈≈≈## #..#
#...≈≈≈≈≈≈≈#####.#
#.≈≈≈≈.≈≈≈≈≈≈###.#
#..≈≈≈≈≈≈≈≈# #..#
#..≈≈≈5##### #.##
#...≈≈≈.# #.##


You could see a two-headed ogre and a shadow imp.

Vanquished Creatures
  A cyclops (D:6)
  Eustachio (D:5)
  Menkaure (D:5)
  2 orc warriors
  An ice beast (D:5)
  3 ogres
  A phantom (D:3)
  2 centaurs
  2 big kobolds
  2 bullfrogs
  A water moccasin skeleton (D:7)
  2 scorpions
  2 howler monkeys
  3 crimson imps
  A quasit (D:9)
  A jelly (D:9)
  3 hounds
  4 orc priests
  2 bullfrog skeletons
  4 orc wizards
  5 iguanas
  6 worker ants
  A killer bee zombie (D:7)
  2 hound zombies
  2 hound skeletons
  2 howler monkey zombies
  A gnoll (D:1)
  A worker ant zombie (D:7)
  8 adders
  A shadow imp (D:5)
  An ooze (D:4)
  An adder zombie (D:7)
  A worm (D:3)
  A dart slug (D:1)
  10 leopard geckos
  26 orcs
  2 ball pythons (D:3)
  7 giant cockroaches
  9 goblins
  6 hobgoblins
  7 jackals
  4 quokkas
  5 bats
  8 frilled lizards
  17 kobolds
  2 leopard gecko skeletons
  6 rats
181 creatures vanquished.

Vanquished Creatures (others)
  A sky beast (D:9)
1 creature vanquished.

Grand Total: 182 creatures vanquished

Notes
Turn   | Place    | Note
-------+----------+-------------------------------------------
     0 | D:1      | MisterFreud the Ghoul Earth Elementalist began the quest
                  | for the Orb.
     0 | D:1      | Reached XP level 1. HP: 14/14 MP: 2/2
    74 | D:1      | Reached skill level 1 in Unarmed Combat
   225 | D:1      | Reached XP level 2. HP: 19/20 MP: 3/3
   234 | D:1      | Reached skill level 2 in Unarmed Combat
   839 | D:1      | Reached XP level 3. HP: 25/26 MP: 4/4
   884 | D:1      | Reached skill level 3 in Unarmed Combat
  1529 | D:2      | Reached XP level 4. HP: 28/33 MP: 5/5
  1744 | D:2      | Reached skill level 4 in Unarmed Combat
  1759 | D:2      | Found a basalt altar of Yredelemnul.
  2381 | D:3      | Reached skill level 5 in Unarmed Combat
  2381 | D:3      | Reached XP level 5. HP: 11/38 MP: 6/6
  3126 | D:4      | Noticed an ogre
  3197 | D:4      | Noticed a phantom
  3223 | D:3      | Killed a phantom
  3223 | D:3      | Reached skill level 6 in Unarmed Combat
  3223 | D:3      | Reached skill level 1 in Fighting
  3223 | D:3      | Reached XP level 6. HP: 23/47 MP: 4/7
  3723 | D:4      | Found a staircase to the Ecumenical Temple.
  3742 | Temple   | Entered the Ecumenical Temple
  3758 | Temple   | Became a worshipper of Makhleb the Destroyer
  3991 | D:4      | Reached XP level 7. HP: 59/59 MP: 8/8
  4368 | D:5      | Entered Level 5 of the Dungeon
  4513 | D:5      | Reached skill level 5 in Fighting
  4628 | D:5      | Reached skill level 7 in Unarmed Combat
  4728 | D:5      | Noticed Eustachio
  4797 | D:5      | Killed Eustachio
  4797 | D:5      | Reached XP level 8. HP: 70/70 MP: 9/9
  4896 | D:5      | Found a blossoming altar of Fedhas.
  4903 | D:5      | Reached skill level 8 in Unarmed Combat
  5122 | D:5      | Reached * piety under Makhleb
  5344 | D:5      | Reached skill level 9 in Unarmed Combat
  5433 | D:5      | Noticed Menkaure
  5444 | D:5      | Killed Menkaure
  5634 | D:5      | Found Ahunam's Magic Scroll Boutique.
  5656 | D:5      | Bought a scroll of teleportation for 33 gold pieces
  5656 | D:5      | Bought a scroll of enchant armour for 82 gold pieces
  5656 | D:5      | Bought a scroll of remove curse for 33 gold pieces
  6130 | D:6      | Reached skill level 10 in Unarmed Combat
  6498 | D:6      | Reached XP level 9. HP: 51/78 MP: 7/10
  6636 | D:6      | Noticed a cyclops
  6647 | D:6      | Killed a cyclops
  6894 | D:7      | Reached skill level 11 in Unarmed Combat
  6900 | D:7      | Reached ** piety under Makhleb
  7491 | D:8      | Got an ichor-stained chain mail
  7502 | D:8      | Identified the cursed +1 chain mail "Sefid" {*Corrode rElec
                  | Dex+7} (You found it on level 8 of the Dungeon)
  7518 | D:8      | Got a pair of fine gloves
  7524 | D:8      | Identified the cursed +0 pair of gloves of Xasio {rElec}
                  | (You found it on level 8 of the Dungeon)
  7796 | D:9      | Noticed a manticore
  7797 | D:9      | Noticed a two-headed ogre
  7965 | D:9      | HP: 3/81 [two-headed ogre/+0 giant spiked club (12)]
  7966 | D:9      | Slain by a two-headed ogre

Illustrated notes

Levels and vault maps discovered:
D:1:      ebering_hopf_link, layout_basic, serial_corexii_hall,
          chequers_hall_statues_corner_a, corexii_hall_statues_l
D:2:      layout_loops_ring, nicolae_overflow_hidden_temple
D:3:      layout_basic
D:4:      layout_loops_corners, minmay_temple_entry_mini_moons
D:5:      layout_basic, first_ration, serial_shops, nicolae_shop_waterfront,
          fedhas_bush_and_centaur_altar, uniq_menkaure, uniq_eustachio
D:6:      minmay_chambers_of_sixes, layout_loops_ring, chequers_garden
D:7:      layout_rooms, grunt_ministairs_15
D:8:      layout_rooms
D:9:      layout_big_octagon, dpeg_oklobed_lair, serial_rivers,
          chequers_serial_rivers_large_a, chequers_serial_rivers_micro_c,
          chequers_serial_rivers_micro_e, chequers_serial_rivers_micro_b
Temple:   regret_index_temple_sigil_plot

Skill      XL: |  1  2  3  4  5  6  7  8  9 |
---------------+----------------------------+-----
Unarmed Combat | 1 2 3 5 6 7 10 11 | 11.5
Fighting       | 1 4 6 8 |  8.6
Dodging        | |  1.7
Stealth        | |  2.1
Spellcasting   | |  1.7
Transmutations | |  0.8
Earth Magic    | |  3.2

Action                   |  1- 3 |  4- 6 |  7- 9 || total
-------------------------+-------+-------+-------++-------
Melee: Unarmed           |   172 |   186 |   444 ||   802
       Punch             |     1 |     2 |    15 ||    18
 Cast: Sandblast         |     4 |     5 |     1 ||    10
  Use: Scroll            |     1 |     1 |     5 ||     7
       Potion            |       |       |     1 ||     1
 Stab: Sleeping          |     1 |       |       ||     1
  Eat: Chunk             |     7 |    18 |    22 ||    47
Armor: Robe              |     3 |       |       ||     3
       Ring mail         |    57 |    31 |       ||    88
       Scale mail        |       |    36 |   159 ||   195
       Chain mail        |       |       |    38 ||    38
Dodge: Dodged            |    94 |    77 |   204 ||   375
